 Dungeon Crawl Stone Soup version 0.29-a0-362-g5854e031c7 (webtiles) character file.

Game seed: 7818511991459600019

554 ytrimaz the Insei (level 7, -1/43 HPs)
             Began as an Octopode Transmuter on Apr 29, 2022.
             Was a Priest of Elyvilon.
             Slain by an ice beast (5 damage)
             ... on level 5 of the Dungeon.
             The game lasted 00:04:53 (6089 turns).

ytrimaz the Insei (Octopode Transmuter)             Turns: 6089, Time: 00:04:54

Health: -1/43      AC:  1    Str:  9    XL:     7   Next: 30%
Magic:  10/10      EV: 14    Int: 17    God:    Elyvilon [***...]
Gold:   239        SH:  0    Dex: 13    Spells: 4/10 levels left

rFire   . . .      SeeInvis .     - Unarmed
rCold   . . .      Faith    .   (no shield)
rNeg    . . .      Spirit   .   (helmet currently unavailable)
rPois   +          Reflect  .   m - amulet of regeneration
rElec   .          Harm     .   c - ring of poison resistance
rCorr   .          Rampage  .   (no ring)
Will    .....                   (no ring)
Stlth   ++........              (no ring)
HPRegen 0.94/turn               (no ring)
MPRegen 0.12/turn               (no ring)
                                (no ring)
                                (no ring)

@: appendages
A: tentacle spike 3, almost no armour, amphibious, 8 rings, camouflage 1,
gelatinous body 1, (nimble swimmer 1), tentacles
a: End Transformation, Renounce Religion, Purification, Heal Other, Heal Self


You were on level 5 of the Dungeon.
You worshipped Elyvilon.
Elyvilon was most pleased with you.
One of your tentacles had grown a beastly spike.
You visited 1 branch of the dungeon, and saw 5 of its levels.

You collected 239 gold pieces.

Inventory:

Jewellery
 c - a ring of poison resistance (left tentacle)
 m - an amulet of regeneration (around mantle)
Scrolls
 b - 6 scrolls of teleportation
 f - a scroll of silence
 h - 2 scrolls of fear
 p - 2 scrolls of magic mapping
Potions
 a - 2 potions of invisibility {unknown}
 d - a potion of haste {unknown}
 e - 2 potions of might
 j - 4 potions of curing {unknown}
 k - a potion of attraction {unknown}
 n - a potion of flight {unknown}
 o - a potion of resistance {unknown}


   Skills:
 - Level 1.0 Fighting
 * Level 4.2 Dodging
 + Level 5.8 Unarmed Combat
 - Level 2.0 Spellcasting
 * Level 4.5 Transmutations


You had 4 spell levels left.
You knew the following spells:

 Your Spells              Type           Power      Damage    Failure   Level
a - Beastly Appendage     Tmut           34%        N/A       3%          1
b - Wereblood             Tmut           17%        N/A       4%          2
c - Spider Form           Tmut/Pois      9%         N/A       22%         3

Your spell library contained the following spells:

 Spells                   Type           Power      Damage    Failure   Level
 Scorch                   Fire           2%         2d5       28%         2
 Gell's Gravitas          Tloc           1%         N/A       50%         3
 Lesser Beckoning         Tloc           1%         N/A       50%         3
 Teleport Other           Tloc           1%         N/A       50%         3
 Ice Form                 Ice/Tmut       9%         N/A       58%         4
 Flame Wave               Conj/Fire      1%         2d4       88%         4
 Hailstorm                Conj/Ice       1%         3d3       88%         4
 Simulacrum               Ice/Necr       0%         N/A       100%        6
 Summon Cactus Giant      Summ           0%         N/A       100%        6


Dungeon Overview and Level Annotations

Branches:
Dungeon (5/15)
 Temple: D:4-7

Altars:
Elyvilon
Vehumet

Annotations:
D:2 1 runed translucent door, Crazy Yiuf
D:3 exclusion: statue


Innate Abilities, Weirdness & Mutations

One of your tentacles has grown a beastly spike.
You cannot wear most types of armour.
You are amphibious.
You can wear up to eight rings at the same time.
Your skin changes colour to match your surroundings (Stealth+).
Your rubbery body absorbs attacks. (AC +1, EV +1)
((You are camouflaged when in or above water. (Stealth+)))
You have tentacles for arms and can constrict up to eight enemies at once.


Message History

You constrict the hound. The hound bites you. x2
You bludgeon the hound!
You kill the hound!
You see here a +0 leather armour.
Found 7 stones.
Found a stone staircase leading down.
j - 4 glowing red potions (gained 1)
Found a stone staircase leading down.
You now have 239 gold pieces (gained 7).
Found a mace.
You see here a +0 mace.
An ice beast comes into view.
Found 2 glowing red potions.
An ice beast is nearby!
An ice beast is nearby!
An ice beast is nearby!
One of your tentacles grows a vicious spike.
Found a scroll of magic mapping.
The helpless ice beast fails to defend itself.
You tentacle-slap the ice beast but do no damage.
Your tentacle spike misses the ice beast.
You squeeze the ice beast, but do no damage.
The ice beast hits you. The ice beast freezes you.
You tentacle-slap the ice beast.
You pierce the ice beast.
You tentacle-slap the ice beast.
The ice beast is moderately wounded.
The ice beast barely misses you.
You tentacle-slap the ice beast but do no damage.
The ice beast is moderately wounded.
The ice beast hits you. The ice beast freezes you!
You closely miss the ice beast. You squeeze the ice beast!
The ice beast is heavily wounded.
You barely miss the ice beast.
You pierce the ice beast.
Your squeeze misses the ice beast.
The ice beast is heavily wounded.
The ice beast hits you. The ice beast freezes you!
* * * LOW HITPOINT WARNING * * *
You closely miss the ice beast.
The ice beast is heavily wounded.
The ice beast hits you.
You die...

.........#
##...##..#####
#.....#......#
##...###.###.#
##.##
#.###.###.#
#.#
#..)......#
#.#
#####.#####
#+# ###.######
#......@.#
#.#.####Y#
#.#.. .# # #..
?# .... .#
#... .# .....
.# ## ##


You could see an ice beast.

Vanquished Creatures
  3 scorpions (D:4)
  A jelly (D:5)
  An orc priest (D:3)
  A hound (D:5)
  Jessica (D:3)
  An iguana (D:5)
  Natasha (twice) (D:4)
  2 orc wizards (D:3)
  2 adders
  3 gnolls (D:4)
  2 worms
  3 dart slugs (D:1)
  3 orcs (D:3)
  5 ball pythons
  2 bats
  11 endoplasms
  4 giant cockroaches
  9 goblins
  12 hobgoblins
  8 kobolds
  3 quokkas
  2 frilled lizards (D:1)
  4 rats
85 creatures vanquished.

Notes
Turn   | Place    | Note
-------+----------+-------------------------------------------
     0 | D:1      | ytrimaz the Octopode Transmuter began the quest for the
                  | Orb.
     0 | D:1      | Reached XP level 1. HP: 13/13 MP: 3/3
   389 | D:1      | Reached XP level 2. HP: 11/18 MP: 5/5
   589 | D:1      | Learned a level 2 spell: Wereblood
   713 | D:1      | Reached XP level 3. HP: 5/23 MP: 6/6
  1123 | D:1      | Found a faded altar of an unknown god.
  1133 | D:1      | Prayed at the altar of an unknown god.
  1133 | D:1      | Became a worshipper of Elyvilon the Healer
  1133 | D:1      | Reached * piety under Elyvilon
  1276 | D:1      | Learned a level 3 spell: Spider Form
  2086 | D:2      | Reached ** piety under Elyvilon
  2230 | D:2      | Found a runed translucent door.
  2231 | D:2      | Noticed Crazy Yiuf
  2292 | D:2      | Reached XP level 4. HP: 18/28 MP: 7/7
  2484 | D:2      | Reached skill level 4 in Unarmed Combat
  2637 | D:3      | Noticed Jessica
  2642 | D:3      | Killed Jessica
  2666 | D:3      | Found a radiant altar of Vehumet.
  2666 | D:3      | Noticed a charred statue
  2767 | D:3      | Reached XP level 5. HP: 27/33 MP: 8/8
  3864 | D:3      | Reached *** piety under Elyvilon
  4280 | D:4      | Reached XP level 6. HP: 22/38 MP: 7/9
  4736 | D:4      | Noticed Natasha
  4743 | D:4      | Killed Natasha
  4744 | D:4      | Reached skill level 5 in Unarmed Combat
  5519 | D:4      | Noticed Natasha
  5529 | D:4      | Killed Natasha
  5746 | D:4      | Reached XP level 7. HP: 42/43 MP: 8/10
  5885 | D:5      | Entered Level 5 of the Dungeon
  6089 | D:5      | Slain by an ice beast

Illustrated notes

Levels and vault maps discovered:
D:1:      dpeg_arrival_yet_another_circle, layout_loops_ring,
          ebering_ecumenical_altar_ruins, patterned_corridor
D:2:      layout_rooms, serial_bayou_pond_e, uniq_crazy_yiuf_cottage
D:3:      layout_loops_cross, vehumet_statue, uniq_jessica
D:4:      layout_loops_corners, uniq_natasha
D:5:      layout_loops_corners, minmay_temple_entry_ruins, corexii_checkpoint_a,
          mrwooster_statue_mirror

Skill      XL: |  1  2  3  4  5  6 |
---------------+-------------------+-----
Unarmed Combat | 4 5 |  5.8
Dodging        | 3 4 |  4.2
Transmutations | 3 4 |  4.5
Fighting       | |  1.0
Spellcasting   | |  2.0

Action                   |  1- 3 |  4- 6 |  7- 9 || total
-------------------------+-------+-------+-------++-------
Melee: Unarmed           |    90 |   102 |    20 ||   212
       Tentacles         |    18 |    20 |     3 ||    41
       Constrict         |    24 |    25 |     1 ||    50
       Kick              |     6 |    24 |     5 ||    35
       Punch             |       |     4 |     1 ||     5
 Cast: Beastly Appendage |     8 |    14 |     2 ||    24
       Spider Form       |       |     5 |     1 ||     6
  Use: Potion            |     1 |     1 |       ||     2
       Scroll            |     4 |     2 |     4 ||    10
 Stab: Sleeping          |     8 |     6 |     2 ||    16
Armor: Skin              |    16 |     9 |       ||    25
Dodge: Dodged            |    53 |    40 |     9 ||   102

Table legend: (Time is in decaauts)
 A = Elapsed time spent in this place.
 B = Non-inter-level travel time spent in this place.
 C = Inter-level travel time spent in this place.
 D = Time resting spent in this place.
 E = Time spent auto-exploring this place.
 F = Levels seen in this place.
 G = Mean time per level.
                   A        B        C        D        E       F      G
               +--------+--------+--------+--------+--------+-----+--------+
         Total |   6070 |   5934 |    136 |   1635 |   3564 |   5 | 1214.0 |
       Dungeon |   6070 |   5934 |    136 |   1635 |   3564 |   5 | 1214.0 |
               +--------+--------+--------+--------+--------+-----+--------+

Top non-repeatable levels by time:
     D:1: 1714 daAuts
     D:4: 1633 daAuts
     D:3: 1607 daAuts
     D:2: 914 daAuts
     D:5: 201 daAuts
